 Dungeon Crawl Stone Soup version 0.18-a0-900-gbbf5c82 (webtiles) character file.

866 deanyohobro the Shield-Bearer (level 8, -3/65 HPs)
             Began as a Formicid Fighter on Dec 24, 2015.
             Slain by a killer bee (4 damage)
             ... on level 4 of the Dungeon.
             The game lasted 00:09:36 (4224 turns).

deanyohobro the Shield-Bearer (Formicid Fighter)    Turns: 4224, Time: 00:09:36

Health: -3/65      AC:  5    Str: 23    XL:     8   Next: 23%
Magic:  8/8        EV: 10    Int: 11    God:
Gold:   281        SH: 11    Dex: 10    Spells: 0 memorised, 7 levels left

rFire  . . .     SeeInvis +     a - +0 war axe
rCold  . . .     Gourm    .     h - +2 leather armour {rPois}
rNeg   + . .     Faith    .     c - +0 shield
rPois  +         Spirit   .     (helmet unavailable)
rElec  .         Dismiss  .     (no cloak)
rCorr  .         Reflect  .     (no gloves)
SustAt .         Harm     .     (no boots)
MR     .....                    (no amulet)
Stlth  +.........               l - ring of positive energy
                                k - +3 ring of intelligence (curse)

@: not resistant to hostile enchantments, very unstealthy
A: permanent stasis, dig shafts and tunnels, four strong arms, antennae 3
a: Dig, Shaft Self


You were on level 4 of the Dungeon.
You were not hungry.

You visited 1 branch of the dungeon, and saw 4 of its levels.

You collected 281 gold pieces.

Inventory:

Hand Weapons
 a - a +0 war axe (weapon)
Missiles
 m - a throwing net (quivered)
Armour
 c - a +0 shield (worn)
 h - a +2 leather armour of poison resistance (worn)
 u - a +0 large shield
Jewellery
 k - a cursed +3 ring of intelligence (left hand)
 l - a ring of positive energy (right hand)
Wands
 d - a wand of enslavement (5/24)
 o - a wand of digging (15/24)
 p - a wand of polymorph (8/24)
 v - a wand of cold (0/15)
Scrolls
 e - a scroll of immolation
 f - 2 scrolls of fear
 j - 2 scrolls of recharging {unknown}
 q - 3 scrolls of remove curse
 x - a scroll of fog {unknown}
Potions
 b - a potion of cure mutation {unknown}
 n - a potion of ambrosia {unknown}
Comestibles
 g - 3 chunks of flesh
 i - 3 meat rations
 r - 2 fruits
 s - a slice of pizza


   Skills:
 + Level 6.4 Fighting
 + Level 5.5 Axes
 - Level 3.2 Armour
 + Level 7.0 Shields


You had 7 spell levels left.
You didn't know any spells.

Dungeon Overview and Level Annotations

Branches:
Dungeon (4/15)
 Temple: D:4-7

Altars:
Dithmenos
Qazlal


Innate Abilities, Weirdness & Mutations

You are under a permanent stasis effect.
You can dig through walls and to a lower floor.
Your four strong arms can wield two-handed weapons with a shield.
You have a pair of large antennae on your head (SInv).


Message History

* * * LOW HITPOINT WARNING * * *
You completely miss the iguana. The iguana bites you!
* * * LOW HITPOINT WARNING * * *
Evoke which item? (* to show all) (? for menu, Esc to quit)
Zapping:
p - a wand of polymorph (10/24)
Press: ? - help, Shift-Dir - straight line, f - iguana
Aim: an iguana (chance to defeat MR: 54%)
The iguana resists with significant effort.
This wand has 9 charges left.
The iguana bites you.
* * * LOW HITPOINT WARNING * * *
Unknown command.
Evoke which item? (* to show all) (? for menu, Esc to quit)
Zapping:
p - a wand of polymorph (9/24)
Press: ? - help, Shift-Dir - straight line, f/p - iguana
Aim: an iguana (chance to defeat MR: 54%)
The iguana evaporates and reforms as a killer bee!
This wand has 8 charges left.
You block the killer bee's attack. You block the killer bee's attack.
You barely miss the killer bee. The killer bee stings you.
You die...

..... #.. {#....#...# #.
#.... #.####....#...###.
#.... #.#...............
#....##.#...............
#.......................
#......)).....#...#####.
#.............+...+.....
#......y......#...####..
#......@................
#.......##.#............
#.=.....# #.............
#.<.....# ##########...
######### #... #... ####


You could see a killer bee.

Vanquished Creatures
  Grinder (D:3)
  Eustachio (D:3)
  Menkaure (D:4)
  A water moccasin (D:4)
  Duvessa (D:4)
  Natasha (thrice) (D:3)
  A hound skeleton (D:4)
  3 gnolls (D:3)
  4 adders
  A worm (D:3)
  6 bats
  3 giant cockroaches
  5 hobgoblins
  2 jackals (D:1)
  A quokka (D:3)
  9 giant geckos
  7 giant newts
  3 goblins
  7 kobolds
  10 rats
70 creatures vanquished.

Vanquished Creatures (collateral kills)
  An adder (D:4)
  An ooze (D:4)
2 creatures vanquished.

Grand Total: 72 creatures vanquished

Notes
Turn   | Place    | Note
--------------------------------------------------------------
     0 | D:1      | deanyohobro the Formicid Fighter began the quest for the Orb.
     0 | D:1      | Reached XP level 1. HP: 18/18 MP: 1/1
   200 | D:1      | Reached XP level 2. HP: 21/24 MP: 2/2
   540 | D:1      | Reached skill level 4 in Shields
   759 | D:1      | Reached XP level 3. HP: 30/30 MP: 3/3
  1281 | D:2      | Found a stormy altar of Qazlal.
  1324 | D:2      | Reached XP level 4. HP: 22/37 MP: 4/4
  1551 | D:2      | Found a shadowy altar of Dithmenos.
  1717 | D:3      | Noticed Natasha
  1726 | D:3      | Killed Natasha
  1987 | D:3      | Reached XP level 5. HP: 35/43 MP: 5/5
  2148 | D:3      | Noticed Grinder
  2150 | D:3      | Noticed Natasha
  2155 | D:3      | Killed Natasha
  2167 | D:3      | Killed Grinder
  2167 | D:3      | Reached skill level 5 in Fighting
  2167 | D:3      | Reached skill level 5 in Shields
  2167 | D:3      | Reached XP level 6. HP: 37/51 MP: 6/6
  2305 | D:3      | Noticed Natasha
  2321 | D:3      | Killed Natasha
  2599 | D:3      | HP: 1/51 [gnoll/halberd (8)]
  3375 | D:3      | Reached XP level 7. HP: 56/56 MP: 7/7
  3510 | D:4      | Reached skill level 6 in Shields
  3583 | D:4      | Noticed Eustachio
  3745 | D:4      | Noticed Menkaure
  3862 | D:3      | Killed Eustachio
  3862 | D:3      | Reached skill level 5 in Axes
  3995 | D:4      | Killed Menkaure
  3995 | D:4      | Reached XP level 8. HP: 62/64 MP: 8/8
  4038 | D:4      | Noticed Duvessa
  4040 | D:4      | Noticed Dowan
  4049 | D:4      | Noticed Dowan
  4049 | D:4      | Dowan changed into Dowan the ooze
  4050 | D:4      | Killed Dowan the ooze
  4086 | D:4      | Killed Duvessa
  4086 | D:4      | Reached skill level 7 in Shields
  4222 | D:4      | HP: 1/65 [iguana (6)]
  4224 | D:4      | Slain by a killer bee

Vault maps used:
D:1:      dpeg_cavernosity, kennysheep_another_room
D:2:      nicolae_overflow_crystal_walls, old_standard_altar
D:3:      uniq_natasha, uniq_grinder
D:4:      lemuel_crystal_altar, first_bread, uniq_eustachio,
          uniq_crazy_yiuf_cottage, uniq_menkaure, uniq_duvessa

Action                   |  1- 3 |  4- 6 |  7- 9 || total
-------------------------+-------+-------+-------++-------
Melee: War axe           |   118 |    76 |   120 ||   314
Evoke: Wand              |       |       |    13 ||    13
  Use: Potion            |       |     4 |     1 ||     5
       Scroll            |       |     3 |     4 ||     7
  Eat: Chunk             |       |     8 |     1 ||     9
       Bread ration      |       |       |     1 ||     1
